ITL
TUSCALOOSA TROUT SLAYERS @ HAVANA ROLLERS
07/10/2028
 
TOP OF THE 1ST
Tuscaloosa Trout Slayers batting - Pitching for Havana Rollers : RHP Jason Drake
Pitching: RHP Jason Drake
Batting: RHB Kurt Walter 0-0: Ball
1-0: Ball
2-0: Ball
3-0: Base on Balls
Batting: RHB Shigemasa Ishida 0-0: Called Strike
0-1: Ball
1-1: Swinging Strike
1-2: Ball
2-2: Ball
3-2: Strikes out swinging
Kurt Walter is caught stealing 2nd base
Batter strikes out.
Batting: LHB Marcos Villarreal 0-0: Ball
1-0: SINGLE (Groundball, 6D)
Batting: LHB Ed Hart 0-0: Called Strike
0-1: Foul Ball, location: 2F
0-2: Ball
1-2: Fly out, F8 (Flyball, 8LS)
Top of the 1st over - 0 run(s), 1 hit(s), 0 error(s), 1 left on base; Tuscaloosa 0 - Havana 0
BOTTOM OF THE 1ST
Havana Rollers batting - Pitching for Tuscaloosa Trout Slayers : RHP Rafael Ramírez
Pitching: RHP Rafael Ramírez
Batting: RHB Jesús Villalobos 0-0: Ball
1-0: Ball
2-0: Called Strike
2-1: Fly out, F6 (Line Drive, 6M)
Batting: RHB Francisco Rincón 0-0: Ball
1-0: Ball
2-0: Ball
3-0: Called Strike
3-1: Foul Ball, location: 2F
3-2: Foul Ball, location: 2F
3-2: Base on Balls
Batting: RHB Brant Sherman 0-0: Foul Ball, location: 2F
0-1: 2-RUN HOME RUN (Flyball, 9D), Distance : 397 ft
Batting: SHB Pepe Piña 0-0: Ball
1-0: Foul Ball, location: 2F
1-1: Ground out U3 (Groundball, 3L)
Batting: LHB Juan Romero 0-0: Ball
1-0: Foul Ball, location: 2F
1-1: Fly out, F6 (Line Drive, 56)
Bottom of the 1st over - 2 run(s), 1 hit(s), 0 error(s), 0 left on base; Tuscaloosa 0 - Havana 2
TOP OF THE 2ND
Tuscaloosa Trout Slayers batting - Pitching for Havana Rollers : RHP Jason Drake
Batting: RHB Jason Erickson 0-0: Called Strike
0-1: DOUBLE (Line Drive, 78M)
Batting: LHB Miguel Rosa 0-0: Ball
1-0: Ball
2-0: Foul Ball, location: 2F
2-1: Swinging Strike
2-2: Strikes out swinging
Batting: RHB Lowie van den Bogaert 0-0: Ball
1-0: Ball
2-0: Ball
3-0: Called Strike
3-1: Swinging Strike
3-2: Fly out, F8 (Line Drive, 8RM)
Batting: RHB Jason Saunders 0-0: Called Strike
0-1: Swinging Strike
0-2: Strikes out looking
Top of the 2nd over - 0 run(s), 1 hit(s), 0 error(s), 1 left on base; Tuscaloosa 0 - Havana 2
BOTTOM OF THE 2ND
Havana Rollers batting - Pitching for Tuscaloosa Trout Slayers : RHP Rafael Ramírez
Batting: SHB Yasuhiro Ikarashi 0-0: Called Strike
0-1: Ball
1-1: Ball
2-1: Called Strike
2-2: Strikes out looking
Batting: RHB León Rivera 0-0: Swinging Strike
0-1: Ball
1-1: Called Strike
1-2: Strikes out swinging
Batting: LHB Zhi-huan Loong 0-0: Ball
1-0: Bunted foul
1-1: Ball
2-1: Ball
3-1: Base on Balls
Batting: LHB José Torres 0-0: Called Strike
0-1: Called Strike
0-2: Ball
1-2: Ball
2-2: Ball
3-2: Foul Ball, location: 2F
3-2: Foul Ball, location: 2F
3-2: Foul Ball, location: 2F
3-2: Strikes out looking
Bottom of the 2nd over - 0 run(s), 0 hit(s), 0 error(s), 1 left on base; Tuscaloosa 0 - Havana 2
TOP OF THE 3RD
Tuscaloosa Trout Slayers batting - Pitching for Havana Rollers : RHP Jason Drake
Batting: RHB Juan Reyes 0-0: Called Strike
0-1: Foul Ball, location: 2F
0-2: Fly out, F4 (Line Drive, 4M)
Batting: RHB Kurt Walter 0-0: Called Strike
0-1: Ball
1-1: Ground out 6-3 (Groundball, 6MD)
Batting: RHB Shigemasa Ishida 0-0: Foul Ball, location: 2F
0-1: Called Strike
0-2: Ball
1-2: Strikes out swinging, 2-3 out at first.
Top of the 3rd over - 0 run(s), 0 hit(s), 0 error(s), 0 left on base; Tuscaloosa 0 - Havana 2
BOTTOM OF THE 3RD
Havana Rollers batting - Pitching for Tuscaloosa Trout Slayers : RHP Rafael Ramírez
Batting: RHB Jesús Villalobos 0-0: Ball
1-0: Ball
2-0: Called Strike
2-1: Called Strike
2-2: Foul Ball, location: 2F
2-2: Foul Ball, location: 2F
2-2: Foul Ball, location: 2F
2-2: SINGLE (Flyball, 8LS)
Batting: RHB Francisco Rincón 0-0: Ball
1-0: Ball
2-0: Grounds into double play, 5-4-3 (Groundball, 56)
Batting: RHB Brant Sherman 0-0: Ball
1-0: Ball
2-0: Called Strike
2-1: Foul Ball, location: 2F
2-2: SINGLE (Line Drive, 9S)
Batting: SHB Pepe Piña 0-0: Called Strike
0-1: Ball
1-1: Ball
2-1: Swinging Strike
2-2: Strikes out swinging
Bottom of the 3rd over - 0 run(s), 2 hit(s), 0 error(s), 1 left on base; Tuscaloosa 0 - Havana 2
TOP OF THE 4TH
Tuscaloosa Trout Slayers batting - Pitching for Havana Rollers : RHP Jason Drake
Batting: LHB Marcos Villarreal 0-0: Called Strike
0-1: Foul Ball, location: 2F
0-2: Ball
1-2: Ball
2-2: Foul Ball, location: 2F
2-2: Ball
3-2: Ground out 4-3 (Groundball, 34D)
Batting: LHB Ed Hart 0-0: Fly out, F8 (Line Drive, 8LM)
Batting: RHB Jason Erickson 0-0: Ball
1-0: Swinging Strike
1-1: SINGLE (Line Drive, 89S)
Batting: LHB Miguel Rosa 0-0: Ball
1-0: Ball
2-0: Called Strike
2-1: Foul Ball, location: 2F
2-2: Ball
3-2: Foul Ball, location: 2F
3-2: Strikes out swinging
Top of the 4th over - 0 run(s), 1 hit(s), 0 error(s), 1 left on base; Tuscaloosa 0 - Havana 2
BOTTOM OF THE 4TH
Havana Rollers batting - Pitching for Tuscaloosa Trout Slayers : RHP Rafael Ramírez
Batting: LHB Juan Romero 0-0: Called Strike
0-1: Ground out 4-3 (Groundball, 4)
Batting: SHB Yasuhiro Ikarashi 0-0: Ball
1-0: Called Strike
1-1: Foul Ball, location: 2F
1-2: Foul Ball, location: 2F
1-2: Ground out U3 (Groundball, 3L)
Batting: RHB León Rivera 0-0: Ball
1-0: SINGLE (Line Drive, 78S)
Batting: LHB Zhi-huan Loong 0-0: Ball
1-0: Foul Ball, location: 2F
1-1: Ground out 4-3 (Groundball, 34)
Bottom of the 4th over - 0 run(s), 1 hit(s), 0 error(s), 1 left on base; Tuscaloosa 0 - Havana 2
TOP OF THE 5TH
Tuscaloosa Trout Slayers batting - Pitching for Havana Rollers : RHP Jason Drake
Batting: RHB Lowie van den Bogaert 0-0: Called Strike
0-1: Foul Ball, location: 2F
0-2: Ball
1-2: Ball
2-2: Foul Ball, location: 2F
2-2: Ground out 6-3 (Groundball, 6)
Batting: RHB Jason Saunders 0-0: Called Strike
0-1: Ball
1-1: Ball
2-1: Ball
3-1: Ground out 6-3 (Groundball, 6)
Batting: RHB Juan Reyes 0-0: Fly out, F7 (Flyball, 7S)
Top of the 5th over - 0 run(s), 0 hit(s), 0 error(s), 0 left on base; Tuscaloosa 0 - Havana 2
BOTTOM OF THE 5TH
Havana Rollers batting - Pitching for Tuscaloosa Trout Slayers : RHP Rafael Ramírez
Batting: LHB José Torres 0-0: Ball
1-0: Swinging Strike
1-1: Foul Ball, location: 2F
1-2: Foul Ball, location: 2F
1-2: SINGLE (Groundball, 34D)
Batting: RHB Jesús Villalobos 0-0: Ball
1-0: Swinging Strike
1-1: Ball
Throwing error on steal attempt, E2
José Torres to third
2-1: Foul Ball, location: 2F
2-2: Ball
3-2: Foul Ball, location: 2F
3-2: Strikes out looking
Batting: RHB Francisco Rincón 0-0: Foul Ball, location: 2F
0-1: Ball
1-1: Ball
2-1: Ground out 5-3 (Groundball, 56S)
Batting: RHB Brant Sherman 0-0: Fly out, F7 (Flyball, 7D)
Bottom of the 5th over - 0 run(s), 1 hit(s), 1 error(s), 1 left on base; Tuscaloosa 0 - Havana 2
TOP OF THE 6TH
Tuscaloosa Trout Slayers batting - Pitching for Havana Rollers : RHP Jason Drake
Batting: RHB Kurt Walter 0-0: Called Strike
0-1: SINGLE (Groundball, 56D)
Batting: RHB Shigemasa Ishida 0-0: Called Strike
0-1: Ball
1-1: Ball
2-1: Foul Ball, location: 2F
2-2: Foul Ball, location: 2F
2-2: Strikes out swinging
Batting: LHB Marcos Villarreal 0-0: Swinging Strike
0-1: Ball
Kurt Walter steals 2nd base
1-1: SINGLE (Line Drive, 4D)
Kurt Walter to third
Runner from 3rd tries for Home, SAFE, throw made home
Batting: LHB Ed Hart 0-0: Ball
1-0: Fly out, F9 (Flyball, 9S)
Batting: RHB Jason Erickson 0-0: Foul Ball, location: 2F
0-1: SINGLE (Line Drive, 7S)
Marcos Villarreal to second
Batting: LHB Miguel Rosa 0-0: Ball
1-0: Called Strike
1-1: Ball
2-1: Ball
3-1: Base on Balls
Marcos Villarreal to third
Jason Erickson to second
Batting: RHB Lowie van den Bogaert 0-0: Called Strike
0-1: Foul Ball, location: 2F
0-2: Foul Ball, location: 2F
0-2: Fielders Choice at 2nd, 6-4 (Groundball, 6)
Top of the 6th over - 1 run(s), 3 hit(s), 0 error(s), 2 left on base; Tuscaloosa 1 - Havana 2
BOTTOM OF THE 6TH
Havana Rollers batting - Pitching for Tuscaloosa Trout Slayers : RHP Rafael Ramírez
Batting: SHB Pepe Piña 0-0: Ball
1-0: Ball
2-0: Ball
3-0: SOLO HOME RUN (Flyball, 7LD), Distance : 356 ft
Batting: LHB Juan Romero 0-0: Ball
1-0: Fly out, F7 (Flyball, 7D)
Batting: SHB Yasuhiro Ikarashi 0-0: Called Strike
0-1: Called Strike
0-2: Ball
1-2: Strikes out swinging
Batting: RHB León Rivera 0-0: Ball
1-0: Foul Ball, location: 2F
1-1: Swinging Strike
1-2: Ball
2-2: Ball
3-2: Foul Ball, location: 2F
3-2: Foul Ball, location: 2F
3-2: Ground out 4-3 (Groundball, 4)
Bottom of the 6th over - 1 run(s), 1 hit(s), 0 error(s), 0 left on base; Tuscaloosa 1 - Havana 3
TOP OF THE 7TH
Tuscaloosa Trout Slayers batting - Pitching for Havana Rollers : RHP Jason Drake
Pitching: RHP Augusto Muñíz
Batting: RHB Jason Saunders 0-0: Ball
1-0: Ball
2-0: Ball
3-0: Base on Balls
Batting: RHB Juan Reyes 0-0: Called Strike
0-1: Ball
1-1: Sac Bunt - play at first, batter OUT! 1-3
Jason Saunders to second
Batting: RHB Kurt Walter 0-0: Swinging Strike
0-1: Ball
1-1: Ball
2-1: Ground out 5-3 (Groundball, 56D)
Batting: RHB Shigemasa Ishida 0-0: Called Strike
0-1: Ground out 6-3 (Groundball, 6)
Top of the 7th over - 0 run(s), 0 hit(s), 0 error(s), 1 left on base; Tuscaloosa 1 - Havana 3
BOTTOM OF THE 7TH
Havana Rollers batting - Pitching for Tuscaloosa Trout Slayers : RHP Rafael Ramírez
Pitching: LHP Dave Blackwell
Batting: LHB Zhi-huan Loong 0-0: Called Strike
0-1: Foul Ball, location: 2F
0-2: Fly out, F7 (Flyball, 7LS)
Batting: LHB José Torres 0-0: Ball
1-0: SINGLE (Line Drive, 34D)
Batting: RHB Jesús Villalobos 0-0: Called Strike
0-1: Ball
1-1: Swinging Strike
1-2: Fielders Choice at 2nd, 5-4 (Groundball, 5)
Batting: RHB Francisco Rincón 0-0: Ball
1-0: Ball
2-0: Called Strike
2-1: Foul Ball, location: 2F
2-2: Strikes out swinging
Bottom of the 7th over - 0 run(s), 1 hit(s), 0 error(s), 1 left on base; Tuscaloosa 1 - Havana 3
TOP OF THE 8TH
Tuscaloosa Trout Slayers batting - Pitching for Havana Rollers : RHP Augusto Muñíz
Batting: LHB Marcos Villarreal 0-0: Ball
1-0: Foul Ball, location: 2F
1-1: Ball
2-1: Fly out, F3 (Popup, 3L)
Batting: LHB Ed Hart 0-0: Swinging Strike
0-1: Ground out 6-3 (Groundball, 6)
Batting: RHB Jason Erickson 0-0: Ground out 4-3 (Groundball, 4M)
Top of the 8th over - 0 run(s), 0 hit(s), 0 error(s), 0 left on base; Tuscaloosa 1 - Havana 3
BOTTOM OF THE 8TH
Havana Rollers batting - Pitching for Tuscaloosa Trout Slayers : LHP Dave Blackwell
Batting: RHB Brant Sherman 0-0: Ball
1-0: Called Strike
1-1: SINGLE (Groundball, 56D)
Batting: SHB Pepe Piña 0-0: Called Strike
0-1: Swinging Strike
0-2: Strikes out swinging
Batting: LHB Juan Romero 0-0: Grounds into double play, U4-3 (Groundball, 6M)
Bottom of the 8th over - 0 run(s), 1 hit(s), 0 error(s), 0 left on base; Tuscaloosa 1 - Havana 3
TOP OF THE 9TH
Tuscaloosa Trout Slayers batting - Pitching for Havana Rollers : RHP Augusto Muñíz
Pitching: RHP Brad Sharpe
Batting: LHB Miguel Rosa 0-0: Swinging Strike
0-1: Called Strike
0-2: Strikes out swinging
Batting: RHB Lowie van den Bogaert 0-0: Called Strike
0-1: Ball
1-1: Foul Ball, location: 2F
1-2: Fly out, F4 (Line Drive, 4MD)
Batting: RHB Jason Saunders 0-0: Called Strike
0-1: Foul Ball, location: 2F
0-2: Ball
1-2: SINGLE (Line Drive, 34D)
Pinch Hitting: RHB José Fernández 0-0: Called Strike
0-1: Fielders Choice at 2nd, 6-4 (Groundball, 56)
Top of the 9th over - 0 run(s), 1 hit(s), 0 error(s), 0 left on base; Tuscaloosa 1 - Havana 3
Tuesday, August 8th, 2017 - OOTP Baseball 17.12 Build 75